AoeStats
← [GDL] Maldito Pantoja

Lombardia

509966262Analyzed
4v4 RM · 3d ago on Sep 28, 2026· 43m 16s· 8 players
Game mode
Random Map
Map size
Large (8 player)
Population
200
Speed
Normal
Resources
Standard
Victory
Conquest
Starting age
Dark Age
Ending age
Imperial Age
RankedLock teamsTeams togetherTeam positionsShared explorationLock speedFull tech treeHidden civsTurbo modeCheats
Victory
Defeat
🇧🇷 Mongols · Brazil
1185
+15
🇦🇷 Danes · Argentina
1172
+16
🇦🇷 Armenians · Argentina
1162
+16
🇦🇷 Vikings · Argentina
1144
+17
🇪🇪 Lithuanians · Estonia
1205
-17
🇩🇰 Wu · Denmark
1194
-17
🇸🇰 Cumans · Slovakia
1159
-16
🇲🇽 Saracens · Mexico
1122
-14
[GDL] Maldito Pantoja
4:07 Loom
12:51 Feudal Age
17:40 Castle Age
16:03 Double-Bit Axe
Kebab do ruky
13:02 Feudal Age
22:14 Scale Mail Armor
24:24 Forging
26:23 Horse Collar
30:38 Castle Age
28:27 Loom
30:39 Wheelbarrow
29:52 Double-Bit Axe
30:35 Fletching
31:40 Bodkin Arrow
31:46 Padded Archer Armor
31:59 Bloodlines
33:26 Leather Archer Armor
32:58 Elite Skirmisher
34:15 Bow Saw
34:13 Capped Ram
35:09 Heavy Plow
39:32 Ballistics
38:52 Light Cavalry
42:22 Imperial Age
40:10 Hand Cart
40:05 Town Watch
Doctorbonus
8:01 Loom
10:19 Feudal Age
14:08 Town Watch
16:54 Castle Age
16:04 Fletching
16:01 Double-Bit Axe
18:27 Bow Saw
23:08 Horse Collar
26:11 Bodkin Arrow
27:27 Ballistics
27:12 Padded Archer Armor
27:14 Gold Mining
29:34 Red Cliffs Tactics
33:21 Murder Holes
33:07 Treadmill Crane
36:04 Leather Archer Armor
42:26 Imperial Age
41:19 Heavy Plow
43:58 Wheelbarrow
Senex
5:14 Loom
10:09 Feudal Age
14:52 Forging
16:36 Bloodlines
19:56 Castle Age
19:34 Double-Bit Axe
19:30 Horse Collar
21:52 Iron Casting
22:34 Scale Barding Armor
27:36 Husbandry
35:53 Chain Barding Armor
41:39 Imperial Age
39:45 Wheelbarrow
38:56 Town Watch
41:54 Cavalier
pity.grillo26
7:54 Loom
10:33 Feudal Age
14:43 Forging
17:42 Town Watch
21:10 Castle Age
21:05 Bloodlines
22:26 Iron Casting
21:48 Light Cavalry
26:31 Fletching
27:04 Padded Archer Armor
27:38 Bodkin Arrow
28:26 Double-Bit Axe
28:40 Horse Collar
29:32 Leather Archer Armor
31:56 Wheelbarrow
31:39 Husbandry
34:17 Bow Saw
34:09 Heavy Plow
34:48 Thumb Ring
44:44 Imperial Age
43:15 Ballistics
Sex Machine 24cm
7:42 Loom
11:27 Feudal Age
15:20 Castle Age
13:48 Gold Mining
13:52 Double-Bit Axe
19:59 Fervor
20:13 Sanctity
21:26 Scale Mail Armor
21:18 Horse Collar
23:11 Bow Saw
24:06 Man-at-Arms
27:32 Gold Mining
28:42 Gambesons
28:55 Pikeman
30:36 Halberdier
31:53 Chain Mail Armor
34:47 Squires
36:44 Fletching
37:55 Wheelbarrow
38:07 Forging
40:56 Bodkin Arrow
41:37 Iron Casting
41:51 Hand Cart
grain8720
12:13 Feudal Age
15:47 Castle Age
13:54 Double-Bit Axe
13:50 Horse Collar
17:45 Bow Saw
17:36 Heavy Plow
18:12 Wheelbarrow
17:57 Loom
19:09 Hand Cart
23:58 Town Watch
24:27 Fletching
25:38 Bodkin Arrow
28:18 Padded Archer Armor
30:27 Ballistics
32:43 Imperial Age
34:37 Conscription
35:26 Bracer
37:41 Chemistry
36:42 Padded Archer Armor
36:45 Town Patrol
40:20 Leather Archer Armor
40:46 Elite Mangudai
42:35 Gold Mining
FranGinaro
8:25 Loom
10:31 Feudal Age
14:51 Castle Age
13:22 Double-Bit Axe
13:57 Horse Collar
16:38 Bow Saw
21:16 Town Watch
22:28 Squires
22:29 Scale Mail Armor
25:17 Forging
25:06 Gold Mining
25:18 Heavy Plow
26:00 Chain Mail Armor
25:50 Arson
29:55 Iron Casting
36:01 Imperial Age
36:06 Chieftains
37:20 Plate Mail Armor
36:24 Elite Varangian Guard
37:35 Plate Mail Armor
39:04 Blast Furnace
37:55 Fletching
41:05 Chemistry
40:26 Ballistics
40:43 Bodkin Arrow
43:05 Gold Shaft Mining
42:23 Stone Mining
Connection lost

Rejoining the realm…

Still unreachable

The connection could not be restored.

Session expired

The server has moved on; the page needs a fresh start.